AoeStats
← Whololo_95

Black Forest

505449078Analyzed
1v1 RM · 22d ago on Sep 9, 2026· 44m 9s· 2 players
Game mode
Random Map
Map size
Tiny (2 player)
Population
200
Speed
Normal
Resources
Standard
Victory
Conquest
Starting age
Dark Age
Ending age
Imperial Age
RankedLock teamsTeams togetherTeam positionsShared explorationLock speedFull tech treeHidden civsTurbo modeCheats
Victory
Defeat
🇹🇼 Khmer · Taiwan
863
+40
🇩🇪 Bohemians · Germany
861
-16
Whololo_95
3:17 Loom
12:21 Feudal Age
14:34 Wheelbarrow
13:55 Double-Bit Axe
13:53 Horse Collar
17:46 Man-at-Arms
29:55 Castle Age
31:19 Squires
33:08 Bow Saw
33:01 Heavy Plow
34:35 Hand Cart
36:41 Forging
36:32 Scale Mail Armor
opgtry126
10:34 Loom
13:58 Feudal Age
15:18 Double-Bit Axe
16:10 Horse Collar
17:33 Wheelbarrow
17:44 Wheelbarrow
17:51 Arson
23:55 Fletching
23:38 Man-at-Arms
26:34 Bloodlines
30:29 Castle Age
32:03 Heavy Plow
32:14 Bow Saw
32:02 Bodkin Arrow
32:09 Padded Archer Armor
33:12 Hand Cart
33:19 Gold Mining
33:22 Stone Mining
35:17 Husbandry
39:00 Elite Skirmisher
40:47 Ballistics
41:13 Gold Shaft Mining
41:52 Fervor
42:09 Sanctity
43:03 Redemption
Connection lost

Rejoining the realm…

Still unreachable

The connection could not be restored.

Session expired

The server has moved on; the page needs a fresh start.